AoeStats
← beneath mariana

Nomad

503232147Analyzed
4v4 RM · 1mo ago on Aug 30, 2026· 41m 0s· 8 players
Game mode
Random Map
Map size
231×231
Population
200
Speed
Normal
Resources
Standard
Victory
Conquest
Starting age
Dark Age
Ending age
Imperial Age
RankedLock teamsTeams togetherTeam positionsShared explorationLock speedFull tech treeHidden civsTurbo modeCheats
Victory
Defeat
🇨🇳 Burgundians · China
1431
+11
🇨🇳 Vietnamese · China
1418
+12
🇬🇧 Maya · United Kingdom
1322
+16
🇫🇷 Muisca · France
1305
+17
🇫🇷 Persians · France
1354
-15
🇦🇷 Dravidians · Argentina
1347
-15
🇨🇴 Magyars · Colombia
1323
-14
🇦🇷 Mongols · Argentina
1272
-12
M-A
3:33 Loom
14:39 Feudal Age
15:23 Fishing Lines
15:50 Double-Bit Axe
17:38 Wheelbarrow
20:07 Castle Age
18:35 Gold Mining
21:34 Hand Cart
23:51 Bow Saw
25:47 Scale Mail Armor
26:24 Squires
27:57 Arson
30:19 Horse Collar
31:03 Heavy Plow
34:37 Husbandry
36:18 Forging
39:21 Imperial Age
37:56 Chain Mail Armor
40:46 Plate Mail Armor
Skilzz
12:36 Loom
15:15 Feudal Age
18:49 Castle Age
21:44 Horse Collar
25:50 Town Watch
28:50 Heavy Plow
29:55 Gold Mining
30:17 Bloodlines
30:50 Scale Barding Armor
32:58 Gold Shaft Mining
33:27 Chain Barding Armor
33:17 Forging
33:16 Husbandry
37:00 Imperial Age
35:48 Wheelbarrow
36:47 Hand Cart
37:24 Iron Casting
37:06 Stone Mining
38:33 Plate Barding Armor
38:18 Heavy Camel Rider
Lord_Wilfredo
4:09 Loom
14:45 Feudal Age
19:27 Castle Age
18:04 Double-Bit Axe
20:47 Bow Saw
23:44 Fishing Lines
26:07 Fletching
27:30 Padded Archer Armor
27:26 Bodkin Arrow
28:20 Wheelbarrow
29:21 Leather Archer Armor
31:29 Horse Collar
33:00 Gold Mining
33:01 Stone Mining
33:55 Town Watch
34:25 Hand Cart
37:36 Imperial Age
37:52 Gold Shaft Mining
37:54 Stone Shaft Mining
41:04 Conscription
40:52 Bracer
Morlhaw
5:01 Loom
13:35 Feudal Age
14:51 Double-Bit Axe
17:46 Fletching
22:02 Castle Age
22:47 Bodkin Arrow
23:06 Bow Saw
22:20 Crossbowman
26:02 Town Watch
39:12 Wheelbarrow
enzoyin68
14:54 Feudal Age
15:55 Fishing Lines
16:11 Stone Mining
18:30 Castle Age
16:40 Gold Mining
17:34 Fletching
17:32 Double-Bit Axe
17:28 Horse Collar
19:40 Bow Saw
20:17 Gillnets
21:02 Bodkin Arrow
25:10 Padded Archer Armor
27:45 Ballistics
32:30 Imperial Age
30:37 Wheelbarrow
29:48 Loom
31:21 Stone Shaft Mining
33:06 Thumb Ring
33:17 Leather Archer Armor
33:17 Bracer
34:28 Chemistry
35:14 Two-Man Saw
35:55 Paper Money
37:52 Ring Archer Armor
38:17 Hand Cart
37:47 Town Watch
39:51 Elite Rattan Archer
41:10 Husbandry
41:21 Bloodlines
41:18 Scale Barding Armor
Chacal90z
10:15 Loom
12:30 Feudal Age
12:54 Champi Runner
18:06 Horse Collar
18:33 Padded Archer Armor
18:36 Scale Mail Armor
22:38 Castle Age
20:38 Double-Bit Axe
21:13 Forging
30:46 Town Watch
34:49 Fletching
35:33 Bodkin Arrow
38:24 Padded Archer Armor
beneath mariana
6:18 Loom
10:07 Double-Bit Axe
11:08 Fishing Lines
15:30 Feudal Age
14:06 Horse Collar
15:56 Wheelbarrow
15:16 Gold Mining
17:12 Bow Saw
17:40 Town Watch
19:45 Forging
20:57 Gold Shaft Mining
20:15 Stone Mining
22:30 Castle Age
20:35 Gillnets
21:12 Scale Barding Armor
21:19 Fletching
22:27 Stone Shaft Mining
24:12 Iron Casting
24:10 Medium Warships
24:18 Hand Cart
26:33 Husbandry
27:11 Chain Barding Armor
36:21 Imperial Age
38:28 Plate Barding Armor
39:12 Blast Furnace
39:46 Chemistry
39:18 Conscription
39:08 Elite Coustillier
40:53 Burgundian Vineyards
41:44 Hoardings
Lishen
4:17 Loom
13:16 Feudal Age
17:36 Castle Age
16:02 Stone Mining
20:20 Fletching
22:55 Ballistics
25:08 Bodkin Arrow
25:47 Padded Archer Armor
27:45 Gold Mining
31:05 Double-Bit Axe
34:43 Leather Archer Armor
34:37 Town Watch
40:06 Imperial Age
38:05 Bow Saw
37:38 Horse Collar
39:25 Stone Shaft Mining
40:05 Wheelbarrow
40:24 Town Patrol
41:12 Conscription
Connection lost

Rejoining the realm…

Still unreachable

The connection could not be restored.

Session expired

The server has moved on; the page needs a fresh start.